 Dungeon Crawl Stone Soup version 0.27.1-1-g398f81649c (webtiles) character file.

Game seed: 1238070018463025809

898957 Linguinho the Evocator (level 27, -2/179 HPs)
             Began as a Gargoyle Fighter on Sept 8, 2021.
             Was a High Priest of Ashenzari.
             Killed by a mummy priest's death curse (19 damage)
             ... on level 3 of the Tomb of the Ancients.
             The game lasted 03:48:24 (89781 turns).

Linguinho the Evocator (Gargoyle Fighter)          Turns: 89781, Time: 03:48:25

Health: -2/179     AC: 55    Str: 34 (36) XL:     27
Magic:  48/48      EV: 13    Int: 16      God:    Ashenzari [*****.]
Gold:   6210       SH: 26    Dex: 17      Spells: 68/68 levels left

rFire    + + +     SeeInvis +   r - +9 sacred scourge (holy)
rCold    + . .     Faith    .   A - +1 kite shield "Sun of the Elysian Sage" {rN+, Fort, Self} (curse)
rNeg     + + +     Spirit   .   p - +8 plate armour of the Tethered Sorrow {Rampage rF+ rN+, Fort, Melee} (curse)
rPois    ∞         Reflect  +   F - +2 hat of the Prophetic Comet {Stlth+, Elem, Fort} (curse)
rElec    +         Harm     +   M - +2 cloak of the Sphere {Will+, Cun, Fort} (curse)
rCorr    +         Rampage  +   W - +2 pair of gloves "Shattered Together" {Dex+3, Melee, Bglg} (curse)
Will     ++++.     Clarity  +   E - +0 pair of boots of Ashenzari's Gnosis {Harm Will+ Dex+3 Slay+2, Self, Comp} (curse)
Stlth    ..........             u - amulet of Toth-Mos's Legacy {Reflect Rampage rPois rF++ rC+ SH+5, Fort, Evo} (curse)
HPRegen  0.39/turn              U - ring of resist corrosion
MPRegen  0.31/turn              q - ring "Profound Paranoia" {+Blink Fly Str+4 Int+6, Comp, Melee} (curse)

@: corroded, flying, contaminated, slowed, glowing, very slow
A: sickness immunity, AC +20, big wings, negative energy resistance 1,
electricity resistance, torment resistance 1, petrification resistance, agile 1,
frail 1, mutation resistance 1, noise suppression
}: 4/15 runes: decaying, serpentine, slimy, silver
a: Renounce Religion, Evoke Blink, Curse Item, Shatter the Chains


You were on level 3 of the Tomb of the Ancients.
You worshipped Ashenzari.
Ashenzari was extremely pleased with you.
You visited 15 branches of the dungeon, and saw 66 of its levels.
You visited the Abyss 1 time.
You also visited: Bailey, Gauntlet, Ice Cave and Volcano.

You collected 7985 gold pieces.
You spent 1775 gold pieces at shops.

Inventory:

Hand Weapons
 c - a +8 eveningstar of draining
 j - the +12 glaive "Killer Bee's Peril" {freeze, *Rage rElec rPois Dex-5}
   (You found it on level 7 of Tartarus)

   It freezes those it strikes, dealing additional cold damage.
   It can also slow down cold-blooded creatures.
   Dex:       It affects your dexterity (-5).
   rElec:     It insulates you from electricity.
   rPois:     It protects you from poison.
   *Rage:     It may make you go berserk in combat.
 r - a +9 sacred scourge of holy wrath (weapon)
Missiles
 w - 5 throwing nets
 H - 9 curare-tipped darts
Armour
 p - the cursed +8 plate armour of the Tethered Sorrow (worn) {Rampage rF+ rN+, Fort, Melee}
   (You found it on level 9 of the Dungeon)

   rF:        It protects you from fire.
   rN:        It protects you from negative energy.
   Rampage:   It bestows one free step when moving towards enemies.
   It has a curse which improves the following skills: Fortitude: Armour and
   Shields.
   Melee Combat: Short Blades, Long Blades, Axes, Maces & Flails, Polearms,
   Staves and Unarmed Combat.
 A - the cursed +1 kite shield "Sun of the Elysian Sage" (worn) {rN+, Fort, Self}
   (You acquired it on level 2 of the Orcish Mines)

   It has a curse which improves the following skills: Fortitude: Armour and
   Shields.
   Introspection: Fighting and Spellcasting.
 E - the cursed +0 pair of boots of Ashenzari's Gnosis (worn) {Harm Will+ Dex+3 Slay+2, Self, Comp}
   (You found it on level 3 of the Vaults)

   Dex:       It affects your dexterity (+3).
   Slay:      It affects your accuracy & damage with ranged weapons and melee
   (+2).
   Harm:      It increases damage dealt and taken.
   Will:      It increases your willpower.
   It has a curse which improves the following skills: Introspection: Fighting
   and Spellcasting.
   Companions: Summonings and Necromancy.
 F - the cursed +2 hat of the Prophetic Comet (worn) {Stlth+, Elem, Fort}
   (You took it off Gastronok on level 12 of the Dungeon)

   It has a curse which improves the following skills: Elements: Fire Magic, Ice
   Magic, Air Magic and Earth Magic.
   Fortitude: Armour and Shields.
 M - the cursed +2 cloak of the Sphere (worn) {Will+, Cun, Fort}
   (You found it on level 15 of the Dungeon)

   It has a curse which improves the following skills: Cunning: Dodging and
   Stealth.
   Fortitude: Armour and Shields.
 W - the cursed +2 pair of gloves "Shattered Together" (worn) {Dex+3, Melee, Bglg}
   (You found it on level 3 of the Elven Halls)

   It has a curse which improves the following skills: Melee Combat: Short
   Blades, Long Blades, Axes, Maces & Flails, Polearms, Staves and Unarmed
   Combat.
   Beguiling: Conjurations, Hexes and Translocations.
Jewellery
 q - the cursed ring "Profound Paranoia" (right hand) {+Blink Fly Str+4 Int+6, Comp, Melee}
   (You found it on level 3 of the Elven Halls)

   [ring of flight]

   Str:       It affects your strength (+4).
   Int:       It affects your intelligence (+6).
   Fly:       It grants you flight.
   +Blink:    It lets you blink.
   It has a curse which improves the following skills: Companions: Summonings
   and Necromancy.
   Melee Combat: Short Blades, Long Blades, Axes, Maces & Flails, Polearms,
   Staves and Unarmed Combat.
 s - an amulet of regeneration
 u - the cursed amulet of Toth-Mos's Legacy (around neck) {Reflect Rampage rPois rF++ rC+ SH+5, Fort, Evo}
   (You acquired it on level 3 of the Elven Halls)

   [amulet of reflection]

   It reflects blocked missile attacks.
   rF:        It greatly protects you from fire.
   rC:        It protects you from cold.
   rPois:     It protects you from poison.
   SH:        It affects your SH (+5).
   Rampage:   It bestows one free step when moving towards enemies.
   It has a curse which improves the following skills: Fortitude: Armour and
   Shields.
   Evocations: Evocations.
 v - the ring of the Nightingale {Fire Will+ Str+2 SInv}
   (You found it on level 2 of the Vaults)

   [ring of fire]

   It enhances your fire magic.
   Str:       It affects your strength (+2).
   rF:        It protects you from fire.
   rC:        It makes you vulnerable to cold.
   SInv:      It lets you see invisible.
   Will:      It increases your willpower.
 z - a ring of positive energy
 U - a ring of resist corrosion (left hand)
 Z - a +4 ring of protection
Wands
 a - a wand of mindburst (38)
 h - a wand of acid (67)
 k - a wand of paralysis (50)
 n - a wand of charming (5)
 P - a wand of polymorph (14)
 Q - a wand of iceblast (81) (quivered)
 R - a wand of digging (22)
Scrolls
 b - 10 scrolls of fear
 f - 3 scrolls of immolation
 i - 8 scrolls of fog
 x - 13 scrolls of magic mapping
 y - 5 scrolls of vulnerability
 C - 4 scrolls of blinking
 J - 26 scrolls of teleportation
 K - a scroll of enchant armour
 V - 5 scrolls of silence
Potions
 d - 13 potions of might
 g - 15 potions of curing
 l - 6 potions of berserk rage
 m - 6 potions of cancellation
 t - 4 potions of heal wounds
 B - 9 potions of attraction
 D - 3 potions of ambrosia
 G - 5 potions of invisibility
 N - 5 potions of haste
Miscellaneous
 e - the horn of Geryon (inert)
 o - a tin of tremorstones (inert)
 I - a piece from Xom's chessboard (15/15)
 L - a condenser vane (inert)
 S - a box of beasts (inert)
 T - a phial of floods
 X - a phantom mirror (inert)
 Y - a lightning rod (4/4)


   Skills:
 - Level 25.5(27) Fighting
 - Level 3.1(7.5) Long Blades
 - Level 11.1(16.0) Maces & Flails
 - Level 11.6(16.4) Polearms
 + Level 0.1 Throwing
 - Level 23.5(27) Armour
 + Level 4.2(6.7) Dodging
 - Level 0.7(2.0) Stealth
 - Level 23.1(27) Shields
 * Level 17.9(21.2) Spellcasting
 * Level 16.6(20.0) Summonings
 * Level 17.6(19.7) Earth Magic
 * Level 26.1(27) Evocations


You had 68 spell levels left.
You didn't know any spells.
Your spell library contained the following spells:

 Spells                   Type           Power      Damage    Failure   Level
 Sandblast                Erth           100%       2d20      0%          1
 Call Imp                 Summ           69%        N/A       0%          2
 Call Canine Familiar     Summ           69%        N/A       0%          3
 Stone Arrow              Conj/Erth      98%        3d13      1%          3
 Animate Armour           Summ/Erth      100%       N/A       1%          4
 Leda's Liquefaction      Hex/Erth       24%        N/A       1%          4
 Petrify                  Tmut/Erth      48%        N/A       1%          4
 Summon Lightning Spire   Summ/Air       49%        N/A       1%          4
 Monstrous Menagerie      Summ           34%        N/A       1%          7
 Summon Hydra             Summ           34%        N/A       1%          7
 Borgnjor's Vile Clutch   Necr/Erth      24%        N/A       3%          5
 Apportation              Tloc           36%        N/A       6%          1
 Corona                   Hex            20%        N/A       6%          1
 Foxfire                  Conj/Fire      72%        2x1d7     6%          1
 Freeze                   Ice            72%        1d9       6%          1
 Magic Dart               Conj           72%        1d6       6%          1
 Shock                    Conj/Air       72%        1d7       6%          1
 Sting                    Tmut/Pois      64%        1d6       7%          1
 Corpse Rot               Necr/Air       N/A        N/A       9%          2
 Blink                    Tloc           N/A        N/A       10%         2
 Ensorcelled Hibernation  Hex/Ice        36%        N/A       10%         2
 Poisonous Vapours        Pois/Air       34%        N/A       10%         2
 Searing Ray              Conj           36%        3d4       10%         2
 Static Discharge         Conj/Air       18%        N/A       10%         2
 Bolt of Magma            Conj/Fire/Erth 19%        4d10      12%         5
 Summon Horrible Things   Summ           34%        N/A       12%         8
 Iron Shot                Conj/Erth      24%        9d5       17%         6
 Conjure Flame            Conj/Fire      18%        6-21      19%         3
 Dazzling Flash           Conj/Hex       36%        N/A       19%         3
 Frozen Ramparts          Ice            36%        1d5       19%         3
 Gell's Gravitas          Tloc           9%         N/A       19%         3
 Inner Flame              Hex/Fire       18%        N/A       19%         3
 Lesser Beckoning         Tloc           9%         N/A       19%         3
 Mephitic Cloud           Conj/Pois/Air  17%        N/A       19%         3
 Ozocubu's Armour         Ice            18%        N/A       19%         3
 Portal Projectile        Hex/Tloc       36%        N/A       19%         3
 Swiftness                Air            18%        N/A       19%         3
 Teleport Other           Tloc           18%        N/A       19%         3
 Tukima's Dance           Hex            18%        N/A       19%         3
 Ignite Poison            Fire/Tmut/Pois 17%        N/A       21%         3
 Animate Dead             Necr           9%         N/A       50%         4
 Dispel Undead            Necr           18%        3d11      50%         4
 Airstrike                Air            9%         N/A       52%         4
 Cause Fear               Hex            9%         N/A       52%         4
 Fulminant Prism          Conj/Hex       9%         3d7       52%         4
 Hailstorm                Conj/Ice       18%        3d6       52%         4
 Iskenderun's Mystic Bla  Conj/Tloc      18%        2d6       52%         4
 Passage of Golubria      Tloc           N/A        N/A       52%         4
 Sticky Flame             Conj/Fire      18%        2d4       52%         4
 Olgreb's Toxic Radiance  Pois           16%        N/A       56%         4
 Haunt                    Necr/Summ      24%        N/A       65%         7
 Malign Gateway           Summ/Tloc      24%        N/A       67%         7
 Spellforged Servitor     Conj/Summ      24%        N/A       67%         7
 Agony                    Necr           18%        N/A       83%         5
 Freezing Cloud           Conj/Ice/Air   9%         6-21      86%         5
 Iskenderun's Battlesphe  Conj           18%        2d7       86%         5
 Manifold Assault         Tloc           18%        N/A       86%         5
 Metabolic Englaciation   Hex/Ice        9%         N/A       86%         5
 Silence                  Hex/Air        9%         N/A       86%         5
 Irradiate                Conj/Tmut      8%         3d16      88%         5
 Yara's Violent Unravell  Hex/Tmut       8%         3d5       88%         5
 Dragon's Call            Summ           34%        N/A       88%         9
 Alistair's Intoxication  Tmut/Pois      10%        N/A       89%         5
 Blade Hands              Tmut           8%         N/A       89%         5
 Shatter                  Erth           34%        3d28*     91%         9
 Death Channel            Necr           9%         N/A       100%        6
 Dispersal                Tloc           9%         N/A       100%        6
 Invisibility             Hex            9%         N/A       100%        6
 Simulacrum               Ice/Necr       9%         N/A       100%        6
 Starburst                Conj/Fire      9%         6d5       100%        6
 Dragon Form              Tmut           8%         N/A       100%        7
 Storm Form               Tmut/Air       8%         N/A       100%        7
 Borgnjor's Revivificati  Necr           9%         N/A       100%        8
 Discord                  Hex            9%         N/A       100%        8
 Infestation              Necr           9%         N/A       100%        8
 Maxwell's Capacitive Co  Air            9%         ∞         100%        8
 Necromutation            Tmut/Necr      8%         N/A       100%        8
 Death's Door             Necr           9%         N/A       100%        9
 Statue Form              Tmut/Erth      Unusable   N/A       N/A         6

Dungeon Overview and Level Annotations

Branches:
Dungeon (15/15)            Temple (0/1) D:6            Lair (6/6) D:9
  Swamp (4/4) Lair:3        Snake (4/4) Lair:3        Slime (5/5) Lair:6
    Orc (2/2) D:11            Elf (3/3) Orc:2        Vaults (5/5) D:13
  Crypt (3/3) Vaults:2       Tomb (3/3) Crypt:3      Depths (3/5) D:15
   Hell (visited)             Dis (2/7) Hell            Geh (3/7) Hell
    Coc (0/7) Hell            Tar (7/7) Hell         Bailey (visited)
  IceCv (visited)         Volcano (visited)         Gauntlet (visited)

Altars:
Ashenzari
Cheibriados
Dithmenos
Elyvilon
Fedhas
Kikubaaqudgha
Makhleb
Nemelex Xobeh
Okawaru
Qazlal
Ru
Sif Muna
Uskayaw
Vehumet
Yredelemnul
Zin
Jiyva

Shops:
D:1 =   D:3 [   Orc:2 *[*?   Elf:3 ?   Snake:2 (   Vaults:1 *   Vaults:3 ([
Vaults:4 [

Portals:
Hell: Depths:1 Depths:2 Depths:3
Abyss: Elf:1 Depths:2
Pandemonium: Depths:3

Annotations:
Tar:7 Ereshkigal


Innate Abilities, Weirdness & Mutations

You are immune to sickness and miasma.
Your stone body is resilient. (AC +20)
You are immune to poison.
Your large and strong wings let you fly.
You resist negative energy. (rN+)
You are resistant to electric shocks. (rElec)
You are resistant to unholy torment.
You are immune to petrification.
You are agile. (Dex +2)
You are frail. (-10% HP)
You are somewhat resistant to further mutation.
You passively dampen the noise of your surroundings.


Message History

The shadow flickers and vanishes for a moment.
Your primal stingbat beast hits the ettin simulacrum!!
Your primal stingbat beast stings the ettin simulacrum!
The ettin simulacrum vaporises!
The mummy priest mumbles some strange prayers to its god.
You whack the royal mummy!
The royal mummy convulses.
The royal mummy is heavily damaged.
You block the death scarab's attack.
The death scarab bites you but does no damage.
The soul eater hits you!
* * * LOW HITPOINT WARNING * * *
The wight enters a dispersal trap!
The emperor scorpion blinks!
The ushabti blinks!
The mummy priest blinks!
The iron dragon skeleton blinks!
The emperor scorpion blinks!
The death scarab blinks!
The ushabti blinks!
The emperor scorpion blinks!
The hellwing blinks!
The soul eater blinks!
The ushabti blinks!
The necrophage blinks!
The royal mummy blinks!
The shadow blinks!
The death scarab blinks!
The ushabti blinks! x2
The iron dragon skeleton blinks!
The emperor scorpion blinks!
The mummy priest blinks!
You blink.
You whack the mummy priest!
The mummy priest convulses!!
The mummy priest is severely damaged.
You block the soul eater's attack.
The mummy priest calls on the powers of darkness!
Your primal stingbat beast convulses!
The emperor scorpion convulses! x2; Your body is wracked with pain!
* * * LOW HITPOINT WARNING * * *
The ushabti shakes and rattles deafeningly!
You hit the mummy priest but do no damage.
The mummy priest is severely damaged.
You block the mummy priest's attack. You block the soul eater's attack.
Unknown command.
You whack the mummy priest!
The mummy priest convulses!
You destroy the mummy priest!
The shadow wraith disappears in a puff of smoke!
The fire giant skeleton disappears in a puff of smoke!
The wraith disappears in a puff of smoke!
The spectral shock serpent disappears in a puff of smoke!
You feel extremely nervous for a moment...
Pain shoots through your body!
You die...

##.....#.. ∆ ,
######+####. , ,
#####....##....
###......!##...,
####..........##..M8
####.......$.Z§##..8
###$B)..).$.....##.M
###$$§$.......§..##.
###@3§$ss...^.$..##.
###}§n$H$$..^.§...#Z
###Z$§4}$8......z.#8
####[WM}}$$§...^§§'§
#####:MMB?z(..8M§.#Z
######|)[4§...W...#Z
######=[n"$[B..(##§
##[)=$..^..##.
##}:$§...###§


You could see 2 emperor scorpions, a soul eater (summoned), a shadow wraith
(summoned, invisible), a hellwing (summoned), a guardian mummy, an ushabti
(catching breath), a rust devil (summoned), 2 death scarabs, a necrophage
(summoned), a mummy, a wight (summoned), a manticore simulacrum (summoned) and a
friendly primal stingbat beast (summoned, slow).

Vanquished Creatures
  the Royal Jelly (Slime:5)
  Dissolution (Slime:2)
  4 ancient liches
  2 dread liches
  Mara (Tomb:3)
  Mennas (Depths:2)
  24 royal mummies
  Bai Suzhen (Crypt:3)
  Geryon (Hell)
  A caustic shrike (Depths:3)
  the Enchantress (D:15)
  55 Tzitzimimeh
  23 bone dragons
  22 doom hounds
  13 Brimstone Fiends
  2 hellephants
  The ghost of foobar1000 the Acrobat, a veteran SpHu of Okawaru (Vaults:1)
  6 tentacled monstrosities
  A deep elf master archer (Elf:3)
  13 liches
  21 acid blobs
  A quicksilver dragon (Depths:3)
  3 titans
  2 deep elf blademasters
  Murray (Hell)
  18 sphinxes
  5 ancient champions
  19 shadow dragons
  Gastronok (D:12)
  7 storm dragons
  13 tengu reavers
  3 revenants
  7 nagarajas
  6 azure jellies
  9 fire giants
  6 frost giants
  4 iron dragons
  8 deep elf sorcerers
  2 cacodemons
  6 deep elf elementalists
  3 balrugs
  2 curse skulls
  10 rockslimes
  20 vault wardens
  An orc warlord (Vaults:4)
  Aizul (Depths:1)
  55 reapers
  21 ironbound preservers
  18 ghouls
  10 quicksilver oozes
  4 spriggan defenders
  The ghost of Ytheofip the Cleaver, a journeyman FoFi of Okawaru (D:14)
  A caustic shrike skeleton (Depths:3)
  25 very ugly things
  11 stone giants
  8 war gargoyles
  16 bennus
  7 vampire knights
  2 entropy weavers
  A minotaur (Gauntlet)
  10 bunyips
  6 deep elf demonologists
  A spark wasp (Depths:3)
  2 dire elephants (Vaults:2)
  11 deep elf annihilators
  3 lorocyprocas
  6 deep elf death magi
  11 ettins
  5 eleionomae
  4 eidola
  3 fire dragons
  A merfolk impaler (Depths:2)
  4 quicksilver dragon zombies
  2 blizzard demons (Hell)
  5 crystal guardians
  Snorg (D:13)
  18 jiangshi
  20 mummy priests
  A green death (Dis:1)
  13 deep elf high priests
  6 quicksilver dragon skeletons
  15 yaktaur captains
  Harold (Lair:2)
  31 vault guards
  13 great orbs of eyes
  13 naga warriors
  A shambling mangrove (Swamp:2)
  11 ice dragons
  5 boulder beetles
  2 salamander tyrants
  5 ironbound thunderhulks
  2 hell beasts
  30 hydras
  8 rakshasas
  15 anacondas
  2 anacondas (shapeshifter)
  5 peacekeepers
  10 ironbound frosthearts
  5 spriggan air magi
  11 ghost crabs
  2 catoblepae
  Erica (D:8)
  A two-headed ogre (D:13)
  5 death knights
  20 death scarabs
  39 dancing weapons
  16 death yaks
  5 centaur warriors
  5 alligators
  6 deep troll shamans
  3 tengu warriors
  19 vampire magi
  5 deep troll earth magi
  33 hell hogs
  9 shock serpents
  3 ironbound beastmasters
  4 spriggan berserkers
  3 orc high priests (Orc:2)
  4 titan zombies
  5 naga sharpshooters
  A shock serpent (shapeshifter) (Vaults:5)
  12 sun demons
  15 deep elf knights
  Urug (D:10)
  10 soul eaters
  33 hell knights
  8 titan skeletons
  4 iron trolls
  A fire crab (shapeshifter) (Vaults:5)
  4 storm dragon zombies
  11 shadow wraiths
  2 salamander mystics
  Sonja (D:10)
  4 death drakes
  6 goliath frogs
  5 sea snakes (Snake:4)
  170 skeletal warriors
  4 anaconda zombies
  A sea snake (shapeshifter) (Depths:2)
  14 flayed ghosts
  6 storm dragon skeletons
  5 glowing orange brains
  63 deep trolls
  A spriggan druid (Swamp:3)
  A spark wasp zombie (Depths:3)
  2 ghost moth zombies (Tar:5)
  A golden dragon zombie (Crypt:3)
  22 shadow demons
  5 golden dragon skeletons
  11 naga ritualists
  19 ironbound convokers
  3 shadow dragon zombies
  7 swamp dragons
  An entropy weaver zombie (Crypt:2)
  15 wizards
  5 bog bodies
  12 deep elf archers
  2 lindwurms (shapeshifter)
  2 lindwurms
  2 tengu zombies
  5 harpies
  4 anaconda skeletons
  2 orange crystal statues
  20 phantasmal warriors
  6 wolf spider zombies
  21 necromancers
  6 orc knights
  31 deep elf zephyrmancers
  A sphinx zombie (Depths:1)
  A wolf spider (shapeshifter) (Elf:1)
  26 ugly things
  A wolf spider (D:15)
  7 manticores
  3 stone giant zombies
  17 mana vipers
  4 iron dragon zombies
  5 fire giant zombies
  9 frost giant zombies
  6 shadow dragon skeletons
  11 orc sorcerers
  6 shining eyes
  26 deep elf pyromancers
  13 salamanders
  6 will-o-the-wisps
  19 elephants
  3 iron dragon skeletons
  2 worldbinders (Elf:1)
  A moth of wrath (shapeshifter) (Vaults:5)
  6 cyclopes
  A sphinx skeleton (Vaults:2)
  43 black mambas
  6 stone giant skeletons
  3 frost giant skeletons
  23 rust devils
  2 dire elephant zombies
  8 eyes of devastation
  5 ice statues
  6 smoke demons
  18 vault sentinels
  2 apocalypse crabs
  16 fire giant skeletons
  6 guardian serpents
  2 minotaur zombies (Gauntlet)
  Maggie (Lair:2)
  19 naga magi
  6 unseen horrors
  7 molten gargoyles
  3 shock serpent skeletons
  A spriggan zombie (Depths:1)
  5 gargoyles
  17 cane toads
  2 elf skeletons
  18 hellions
  3 emperor scorpion zombies
  A cane toad (shapeshifter) (D:13)
  23 freezing wraiths
  7 rime drakes
  3 dire elephant skeletons
  48 yaktaurs
  A rime drake (shapeshifter) (D:15)
  7 komodo dragons
  A sea snake zombie (Hell)
  35 guardian mummies
  3 efreet
  29 tormentors
  A yellow draconian skeleton (Dis:2)
  10 tengu conjurers
  A human skeleton (Vaults:2)
  3 catoblepas skeletons
  2 demonic crawlers (Hell)
  2 entropy weaver simulacra (IceCv)
  An anaconda simulacrum (IceCv)
  A bloated husk (Swamp:1)
  A white draconian skeleton (Tomb:3)
  7 meliai (Lair:5)
  15 ice devils
  13 red devils
  5 hydra zombies
  A queen bee (Lair:5)
  6 polar bears
  A merfolk (shapeshifter) (Vaults:5)
  8 tyrant leeches
  2 harpy zombies
  7 trolls
  2 queen bees (shapeshifter) (Elf:2)
  7 silent spectres
  5 hydra skeletons
  A wolf spider simulacrum (Tar:5)
  A snapping turtle (shapeshifter) (Vaults:5)
  2 blink frogs (shapeshifter)
  3 dream sheep (Lair:6)
  3 fire dragon zombies
  102 slime creatures
  15 hornets
  7 ice dragon zombies
  8 blink frogs
  A harpy skeleton (Tar:5)
  3 alligator zombies
  4 ettin zombies
  A fire giant simulacrum (Depths:1)
  102 flying skulls
  2 black mamba zombies
  5 air elementals
  6 ice dragon skeletons
  3 large abominations (Gauntlet)
  9 ettin skeletons
  2 dire elephant simulacra (IceCv)
  24 spriggans
  13 wyverns
  7 fire dragon skeletons
  A deep troll skeleton (Depths:1)
  42 yaks
  Sigmund (D:6)
  20 fire elementals
  44 shadows
  8 ushabtiu
  10 water elementals
  30 wraiths
  14 basilisks
  2 steam dragons
  2 black mamba skeletons
  9 golden eyes
  A steam dragon (shapeshifter) (Vaults:5)
  12 vampire mosquitoes
  A death yak simulacrum (D:13)
  14 swamp worms
  A warg (shapeshifter) (Elf:1)
  5 harpy simulacra (IceCv)
  2 wargs
  43 nagas
  A merfolk skeleton (Tar:1)
  2 cane toad zombies
  3 small abominations (Gauntlet)
  Duvessa (D:5)
  9 water moccasins
  75 hell hounds
  3 snapping turtle zombies
  7 swamp drakes
  33 orc warriors
  3 swamp dragon zombies
  12 ice beasts
  7 black bears
  3 cane toad skeletons
  A gelid demonspawn skeleton (Tar:1)
  21 boggarts
  2 sky beasts
  3 ettin simulacra (Depths:2)
  48 necrophages
  30 wolves
  2 ogres (Orc:1)
  2 manticore skeletons (Geh:3)
  2 swamp dragon skeletons
  17 phantoms
  9 centaurs
  2 snapping turtle skeletons
  6 kobold brigands
  15 bullfrogs
  A gnoll sergeant (D:5)
  A scorpion (D:7)
  A wyvern zombie (D:8)
  An elf zombie (Geh:3)
  An earth elemental (Elf:2)
  4 two-headed ogre simulacra
  A warg zombie (Crypt:1)
  Dowan (D:5)
  A warg skeleton (Crypt:1)
  An elephant simulacrum (D:13)
  30 killer bees (Lair:5)
  A yak skeleton (Crypt:1)
  7 electric eels
  98 wights
  4 howler monkeys
  A troll skeleton (Geh:2)
  5 crimson imps
  5 lava snakes (Lair:3)
  A wolf skeleton (Crypt:2)
  4 centaur zombies
  A jelly (D:7)
  A basilisk zombie (Crypt:2)
  Crazy Yiuf (D:2)
  5 hounds (D:9)
  2 human zombies
  10 iron imps
  19 orc priests
  A centaur skeleton (Tar:7)
  3 iguanas
  A scorpion zombie (D:5)
  28 orc wizards
  10 hell rats
  A spriggan simulacrum (D:13)
  A troll simulacrum (D:13)
  2 polar bear simulacra
  An ogre zombie (Geh:3)
  A tengu skeleton (Tar:6)
  52 mummies
  A hound zombie (D:3)
  A hound skeleton (D:5)
  A howler monkey zombie (D:6)
  3 adders
  20 gnolls
  A naga simulacrum (D:13)
  7 river rats
  23 shadow imps
  6 white imps
  2 ufetubi
  A barachi zombie (Crypt:1)
  2 dart slugs
  95 orcs
  10 ball pythons
  5 bats
  8 endoplasms
  4 giant cockroaches
  17 goblins
  25 hobgoblins
  13 jackals
  49 kobolds
  3 quokkas
  3 training dummies (Snake:2)
  3 frilled lizards
  A gnoll skeleton (Crypt:1)
  A goblin skeleton (Crypt:2)
  A goblin zombie (Crypt:2)
  A kobold skeleton (Tar:5)
  2 kobold zombies
  An orc zombie (Tar:1)
  5 rats
  A rat skeleton (Crypt:1)
  3 bushes (Depths:2)
  A withered plant (Crypt:3)
3815 creatures vanquished.

Vanquished Creatures (collateral kills)
  3 royal mummies
  the Lernaean hydra (Swamp:4)
  A lich (Crypt:2)
  A revenant (Tomb:2)
  A reaper (Tar:6)
  2 bennus (Tomb:3)
  2 jiangshi
  A hydra (Swamp:4)
  An ice dragon (Hell)
  2 sun demons (Hell)
  2 soul eaters (Hell)
  5 skeletal warriors
  2 rust devils (Hell)
  A smoke demon (Hell)
  2 sea snake zombies (Hell)
  3 guardian mummies
  An ettin zombie (Tar:5)
  2 flying skulls (Tomb:2)
  An ushabti (Tomb:3)
  A swamp drake (Swamp:4)
  3 necrophages
  A mummy (Tomb:1)
39 creatures vanquished.

Vanquished Creatures (others)
  A stone giant (Depths:1)
  The ghost of Linguinho the Protected, a journeyman GrFi of Ashenzari (Elf:1)
  A deep elf annihilator (Elf:3)
  3 hell hogs
  A spriggan berserker (Swamp:1)
  4 deep elf knights
  A deep elf pyromancer (Elf:3)
  2 bloated husks
  2 water elementals (Depths:2)
  A wraith (Geh:1)
  A swamp worm (Swamp:3)
  3 wights (Geh:1)
  2 orc wizards
  2 orcs
  2 bushes (Depths:2)
  28 foxfires
  11 fungi
  26 plants
  3 withered plants
95 creatures vanquished.

Grand Total: 3949 creatures vanquished

Notes
Turn   | Place    | Note
-------+----------+-------------------------------------------
     0 | D:1      | Linguinho the Gargoyle Fighter began the quest for the Orb.
     0 | D:1      | Reached XP level 1. HP: 14/14 MP: 1/1
   227 | D:1      | Reached XP level 2. HP: 6/19 MP: 2/2
   448 | D:1      | Found Kesathr Cawn's Jewellery Shop.
   960 | D:1      | Reached XP level 3. HP: 21/23 MP: 3/3
  1840 | D:2      | Found a runed translucent door.
  1841 | D:2      | Noticed Crazy Yiuf
  1994 | D:3      | Noticed a sky beast
  2112 | D:3      | Reached XP level 4. HP: 27/28 MP: 4/4
  2122 | D:3      | Found Umu Gomm's Antique Armour Emporium.
  2622 | D:2      | Found a faded altar of an unknown god.
  2780 | D:2      | Killed Crazy Yiuf
  2781 | D:2      | Reached XP level 5. HP: 12/32 MP: 1/5
  3330 | D:3      | Noticed a necrophage
  3344 | D:3      | Killed a necrophage
  3345 | D:3      | Reached XP level 6. HP: 38/38 MP: 6/6
  3647 | D:3      | Noticed a steam dragon
  3661 | D:3      | Killed a steam dragon
  3662 | D:3      | Reached skill level 5 in Maces & Flails
  3662 | D:3      | Reached skill level 5 in Shields
  3836 | D:3      | Reached XP level 7. HP: 30/43 MP: 7/7
  4881 | D:4      | Found a shimmering blue altar of Sif Muna.
  4883 | D:4      | Found a shadowy altar of Dithmenos.
  5484 | D:5      | Entered Level 5 of the Dungeon
  5603 | D:5      | Found a sparkling altar of Nemelex Xobeh.
  5910 | D:5      | Reached skill level 5 in Armour
  5910 | D:5      | Reached XP level 8. HP: 39/48 MP: 8/8
  6133 | D:5      | Noticed a troll
  6172 | D:5      | Killed a troll
  6173 | D:5      | Reached skill level 5 in Fighting
  6630 | D:5      | Noticed Duvessa
  6632 | D:5      | Noticed Dowan
  6641 | D:5      | Killed Duvessa
  6648 | D:5      | Killed Dowan
  7346 | D:6      | Found a broken altar of Ashenzari.
  7360 | D:6      | Became a worshipper of Ashenzari the Shackled
  7362 | D:6      | Gained mutation: You are weak. (Str -2) [potion of
                  | mutation]
  7362 | D:6      | Gained mutation: You are robust. (+10% HP) [potion of
                  | mutation]
  7363 | D:6      | Lost mutation: You are weak. (Str -2) [potion of mutation]
  7363 | D:6      | Gained mutation: You are partially covered in large bone
                  | plates. (SH +4) [potion of mutation]
  7363 | D:6      | Gained mutation: Your natural rate of healing is unusually
                  | fast. [potion of mutation]
  7363 | D:6      | Gained mutation: You have a pair of small antennae on your
                  | head. [potion of mutation]
  7402 | D:6      | Noticed Sigmund
  7408 | D:6      | Killed Sigmund
  7409 | D:6      | Reached XP level 9. HP: 61/61 MP: 9/9
  7536 | D:6      | Found a glowing silver altar of Zin.
  7557 | D:6      | Found a staircase to the Ecumenical Temple.
  8385 | D:7      | Reached * piety under Ashenzari
  8870 | D:8      | Found a radiant altar of Vehumet.
  8940 | D:8      | Reached ** piety under Ashenzari
  8996 | D:8      | Identified the Papyrus of Supportive Envenoming
  8996 | D:8      | Noticed a white ugly thing
  8996 | D:8      | Noticed a deep elf pyromancer
  8997 | D:8      | Noticed a centaur warrior
  8998 | D:8      | Noticed a two-headed ogre
  8999 | D:8      | Noticed a kobold demonologist
  9009 | D:8      | Noticed a centaur warrior
  9027 | D:8      | Noticed a harpy
  9066 | D:8      | Found a burning altar of Makhleb.
  9209 | D:8      | Noticed Erica
  9231 | D:8      | Killed Erica
  9232 | D:8      | Reached XP level 10. HP: 75/75 MP: 10/10
  9532 | D:9      | Reached skill level 1 in Long Blades
  9553 | D:9      | Identified the +8 plate armour "Zatuma" {Rampage rF+ rN+}
  9672 | D:9      | Found a staircase to the Lair.
  9719 | D:9      | Reached skill level 10 in Fighting
  9764 | D:9      | Found a stormy altar of Qazlal.
  9850 | D:9      | Found a basalt altar of Yredelemnul.
 10063 | D:10     | Entered Level 10 of the Dungeon
 10095 | D:10     | Reached XP level 11. HP: 81/81 MP: 11/11
 10196 | D:10     | Found a white marble altar of Elyvilon.
 10241 | D:10     | Reached skill level 10 in Shields
 10340 | D:10     | Reached *** piety under Ashenzari
 10371 | D:10     | Reached skill level 1 in Summonings
 10468 | D:10     | Noticed a +0 dagger
 10469 | D:10     | Noticed a +0 dagger
 10469 | D:10     | Noticed a +0 falchion
 10469 | D:10     | Noticed a +0 falchion
 10477 | D:10     | Found a hide-covered altar of Uskayaw.
 10478 | D:10     | Noticed a +0 spear
 10478 | D:10     | Noticed a +0 short sword
 10478 | D:10     | Noticed a +0 short sword
 10480 | D:10     | Noticed a +0 spear
 10541 | D:10     | Noticed Urug
 10565 | D:10     | Killed Urug
 10620 | D:10     | Noticed Sonja
 10991 | D:11     | Noticed a purple ugly thing
 11012 | D:11     | Killed a purple ugly thing
 11013 | D:11     | Reached skill level 1 in Polearms
 11102 | D:11     | Noticed a cyclops
 11108 | D:11     | Killed a cyclops
 11194 | D:11     | Reached **** piety under Ashenzari
 11259 | D:11     | Noticed a manticore
 11259 | D:11     | Noticed a cyclops
 11274 | D:11     | Killed a manticore
 11277 | D:11     | Killed a cyclops
 11396 | D:11     | Identified the +7 falchion of Fied {vorpal, Str+5 Int+4}
 11605 | D:11     | Found a staircase to the Orcish Mines.
 11800 | Orc:1    | Entered Level 1 of the Orcish Mines
 11886 | Orc:1    | Noticed an orc sorcerer
 11890 | Orc:1    | Paralysed by an orc sorcerer for 6 turns
 11908 | Orc:1    | Killed an orc sorcerer
 11963 | Orc:1    | Noticed an orc sorcerer
 11967 | Orc:1    | Killed an orc sorcerer
 11979 | Orc:1    | Reached XP level 12. HP: 74/92 MP: 12/12
 12021 | Orc:1    | Reached skill level 10 in Maces & Flails
 12348 | Orc:1    | Found a dark tunnel.
 12365 | Volcano  | Entered a volcano
 12382 | Volcano  | Noticed a hell knight
 12406 | Volcano  | Killed a hell knight
 12704 | Orc:2    | Entered Level 2 of the Orcish Mines
 12922 | Orc:2    | Reached skill level 5 in Polearms
 12948 | Orc:2    | Found a staircase to the Elven Halls.
 13139 | Orc:2    | Paralysed by an orc sorcerer for 3 turns
 13211 | Orc:2    | Noticed an ettin
 13219 | Orc:2    | Killed an ettin
 13483 | D:9      | Found a snail-covered altar of Cheibriados.
 13483 | D:9      | Found a blossoming altar of Fedhas.
 13622 | Lair:1   | Entered Level 1 of the Lair of Beasts
 13707 | Lair:1   | Reached ***** piety under Ashenzari
 13871 | Lair:1   | Reached XP level 13. HP: 89/102 MP: 14/14
 13905 | Lair:1   | Found a sparkling altar of Nemelex Xobeh.
 14280 | Lair:2   | Noticed Maggie
 14284 | Lair:2   | Noticed Harold
 14289 | Lair:2   | Killed Maggie
 14306 | Lair:2   | Killed Harold
 14314 | Lair:2   | Reached skill level 5 in Summonings
 15024 | Lair:3   | Found a staircase to the Snake Pit.
 15076 | Lair:3   | Found a staircase to the Swamp.
 15703 | Lair:4   | Gained mutation: Your large and strong wings let you fly.
                  | [Gargoyle growth]
 15703 | Lair:4   | Reached XP level 14. HP: 112/112 MP: 15/15
 15881 | Lair:4   | Reached skill level 10 in Polearms
 16021 | Lair:4   | Reached skill level 1 in Evocations
 16463 | Lair:5   | Reached skill level 2 in Evocations
 16502 | Lair:5   | Identified the +8 chain mail "Hidodani" {rElec}
 16682 | Lair:5   | Reached skill level 3 in Evocations
 17530 | Lair:6   | Entered Level 6 of the Lair of Beasts
 17559 | Lair:6   | Found a gate leading to a gauntlet.
 17559 | Lair:6   | Identified a scroll of acquirement
 17562 | Lair:6   | Reached XP level 15. HP: 119/119 MP: 16/16
 17609 | Gauntlet | Entered a Gauntlet
 17609 | Gauntlet | Found a transporter.
 17609 | Gauntlet | Found a transporter.
 17622 | Gauntlet | Found a transporter.
 17634 | Gauntlet | Found a transporter.
 17648 | Gauntlet | Noticed a cacodemon
 17650 | Gauntlet | Found a transporter.
 17651 | Gauntlet | Found a transporter.
 17651 | Gauntlet | Found a transporter.
 17653 | Gauntlet | Found a transporter.
 17653 | Gauntlet | Found a transporter.
 17666 | Gauntlet | Found a transporter.
 17683 | Gauntlet | Found a transporter.
 17684 | Gauntlet | Identified the +0 cloak of the Furrier {Rampage Str+3}
 17692 | Gauntlet | Found a runed translucent gate.
 17693 | Gauntlet | Found a transporter.
 17693 | Gauntlet | Found a runed translucent gate.
 17694 | Gauntlet | Found a runed translucent gate.
 17707 | Gauntlet | Found a transporter.
 17726 | Gauntlet | Found a transporter.
 17783 | Gauntlet | Gained mutation: You are clumsy. (Dex -2) [a cacodemon]
 17786 | Gauntlet | Gained mutation: Your body sometimes deteriorates upon
                  | taking damage. [a cacodemon]
 17791 | Gauntlet | Gained mutation: You are very clumsy. (Dex -4) [a
                  | cacodemon]
 17793 | Gauntlet | Killed a cacodemon
 18024 | Gauntlet | Reached skill level 4 in Evocations
 18068 | Gauntlet | Identified the +5 mace "Carriy" {vorpal, Stlth+}
 18082 | Gauntlet | Identified the ring "Daachucka" {rElec rN+ Will- Dex+9}
 18330 | Lair:6   | Found a staircase to the Slime Pits.
 18386 | Lair:6   | Reached skill level 5 in Evocations
 18442 | Lair:6   | Reached skill level 10 in Armour
 19073 | Lair:6   | Acquired the amulet of the Wild Haggis {Reflect Int+4 SH+5}
 19232 | Swamp:1  | Entered Level 1 of the Swamp
 19500 | Swamp:1  | Reached XP level 16. HP: 117/129 MP: 17/17
 19893 | D:10     | Killed Sonja
 20077 | Orc:2    | Paralysed by an orc sorcerer for 2 turns
 20106 | Orc:2    | Reached skill level 6 in Evocations
 20169 | Orc:2    | Found Ciorevel's Armour Emporium.
 20169 | Orc:2    | Found Magratu's General Store.
 20170 | Orc:2    | Paralysed by an orc sorcerer for 4 turns
 20254 | Orc:2    | Found Ifit's Assorted Antiques.
 20254 | Orc:2    | Found Derass's Magic Scroll Emporium.
 20333 | Elf:1    | Entered Level 1 of the Elven Halls
 20766 | Elf:1    | Paralysed by an air elemental for 1 turns
 20767 | Elf:1    | Noticed an Ice Fiend
 20770 | Elf:1    | Paralysed by an air elemental for 1 turns
 20775 | Elf:1    | Paralysed by an air elemental for 1 turns
 20781 | Elf:1    | Paralysed by an air elemental for 1 turns
 20874 | Elf:1    | Found a runed translucent gate.
 20874 | Elf:1    | Found a runed translucent gate.
 20874 | Elf:1    | Found a runed translucent gate.
 20874 | Elf:1    | Found a runed translucent gate.
 20874 | Elf:1    | Found a runed translucent gate.
 20875 | Elf:1    | Found a runed translucent gate.
 20876 | Elf:1    | Noticed a storm dragon
 20877 | Elf:1    | Noticed a shadow dragon
 20950 | Elf:1    | Reached skill level 7 in Evocations
 21105 | Elf:1    | Found a transporter.
 21113 | Elf:1    | Found a transporter.
 21135 | Elf:1    | Found a one-way gate to the infinite horrors of the Abyss.
 21135 | Elf:1    | Noticed Linguinho's ghost (journeyman GrFi)
 21142 | Elf:1    | Noticed a tentacled monstrosity
 21201 | Elf:1    | Paralysed by an air elemental for 1 turns
 21319 | Elf:1    | Noticed a hellephant
 21401 | Elf:2    | Reached skill level 10 in Summonings
 21497 | Elf:2    | Reached XP level 17. HP: 128/137 MP: 18/18
 21570 | Elf:2    | Reached skill level 15 in Fighting
 21833 | Elf:2    | Found a runed translucent gate.
 21833 | Elf:2    | Found a runed translucent gate.
 21833 | Elf:2    | Found a runed translucent gate.
 22466 | Swamp:2  | Reached skill level 8 in Evocations
 22516 | Swamp:2  | Reached skill level 15 in Shields
 23493 | Swamp:4  | Entered Level 4 of the Swamp
 24112 | Swamp:4  | Reached XP level 18. HP: 137/145 MP: 19/19
 24161 | Swamp:4  | Noticed the 27-headed Lernaean hydra
 24175 | Swamp:4  | Killed the 27-headed Lernaean hydra
 24334 | Swamp:4  | Got a decaying rune of Zot
 24560 | Snake:1  | Entered Level 1 of the Snake Pit
 25056 | Snake:2  | HP: 5/145 [naga (24)]
 25198 | Snake:2  | Identified the +1 robe "Ixzof" {rPois Int+4}
 25239 | Snake:2  | Reached skill level 9 in Evocations
 25428 | Snake:2  | Found Yrul's Firing Range.
 26163 | Snake:3  | Cast into level 1 of the Abyss (naga mage)
 26199 | Abyss:1  | Identified the +2 flail of Edoukkugon {vorpal, Int+3 Dex+2}
 26339 | Snake:3  | Escaped the Abyss
 26770 | Snake:3  | Reached XP level 19. HP: 146/152 MP: 20/20
 27175 | Snake:4  | Entered Level 4 of the Snake Pit
 27808 | Snake:4  | Reached skill level 10 in Evocations
 27933 | Snake:4  | Got a serpentine rune of Zot
 29062 | Elf:2    | Reached XP level 20. HP: 138/161 MP: 21/21
 29549 | Elf:3    | Entered Level 3 of the Elven Halls
 30294 | Elf:3    | Found Segaj's Magic Scroll Boutique.
 30311 | Elf:3    | Bought a scroll of magic mapping for 52 gold pieces
 30311 | Elf:3    | Bought a scroll of magic mapping for 52 gold pieces
 30311 | Elf:3    | Bought a scroll of acquirement for 780 gold pieces
 30311 | Elf:3    | Acquired the amulet of the Okapi {Reflect Rampage rPois
                  | rF++ rC+ SH+5}
 30526 | Elf:3    | Identified the +7 dagger "Komnot" {protect, *Rage *Corrode
                  | rElec rF+ Stlth+}
 30535 | Elf:3    | Reached skill level 15 in Armour
 30717 | Elf:3    | Identified the +1 flail "Boticsuef" {venom, rN+ Dex+5}
 30768 | Elf:3    | Identified the ring of Tapniseu {+Blink Fly Str+4 Int+6}
 30867 | Elf:3    | Identified the +4 trident "Goinetea" {vorpal, Drain Will+
                  | Str+2 SInv}
 30867 | Elf:3    | Identified the +1 plate armour of Hopscotch {Rampage rN++
                  | Str+6 Int-5}
 30868 | Elf:3    | Identified the Catalogue of the Battered Orbs
 31401 | Elf:1    | Killed Linguinho's ghost
 31429 | Elf:1    | Killed a hellephant
 31661 | D:12     | Noticed Gastronok
 31668 | D:12     | Killed Gastronok
 31764 | D:12     | Found a sparkling altar of Nemelex Xobeh.
 31791 | D:12     | Found a flagged portal.
 31801 | Bailey   | Entered a bailey
 31871 | Bailey   | Reached skill level 11 in Evocations
 31871 | Bailey   | Reached XP level 21. HP: 162/162 MP: 21/21
 32364 | Orc:2    | Bought a scroll of enchant armour for 90 gold pieces
 32372 | Orc:2    | Acquired a +1 kite shield of positive energy
 33539 | Orc:2    | Bought a potion of curing for 39 gold pieces
 33539 | Orc:2    | Bought a potion of mutation for 104 gold pieces
 33541 | Orc:2    | Bought a potion of mutation for 144 gold pieces
 33541 | Orc:2    | Bought a potion of mutation for 144 gold pieces
 33548 | Orc:2    | Lost mutation: You are very clumsy. (Dex -4) [potion of
                  | mutation]
 33548 | Orc:2    | Lost mutation: You are clumsy. (Dex -2) [potion of
                  | mutation]
 33548 | Orc:2    | Lost mutation: You are robust. (+10% HP) [potion of
                  | mutation]
 33549 | Orc:2    | Lost mutation: Your body sometimes deteriorates upon taking
                  | damage. [potion of mutation]
 33549 | Orc:2    | Lost mutation: You are partially covered in large bone
                  | plates. (SH +4) [potion of mutation]
 33549 | Orc:2    | Lost mutation: Your natural rate of healing is unusually
                  | fast. [potion of mutation]
 33549 | Orc:2    | Gained mutation: You expend magic power (3 MP) to
                  | strengthen your wands. [potion of mutation]
 33549 | Orc:2    | Gained mutation: Potions are less effective at restoring
                  | your health. [potion of mutation]
 33550 | Orc:2    | Lost mutation: You have a pair of small antennae on your
                  | head. [potion of mutation]
 33550 | Orc:2    | Lost mutation: You expend magic power (3 MP) to strengthen
                  | your wands. [potion of mutation]
 33550 | Orc:2    | Gained mutation: You are robust. (+10% HP) [potion of
                  | mutation]
 33551 | Orc:2    | Lost mutation: You are robust. (+10% HP) [potion of
                  | mutation]
 33551 | Orc:2    | Lost mutation: Potions are less effective at restoring your
                  | health. [potion of mutation]
 33551 | Orc:2    | Gained mutation: You are dopey. (Int -2) [potion of
                  | mutation]
 33551 | Orc:2    | Gained mutation: You passively dampen the noise of your
                  | surroundings. [potion of mutation]
 33551 | Orc:2    | Gained mutation: Your natural rate of healing is unusually
                  | fast. [potion of mutation]
 33552 | Orc:2    | Lost mutation: You passively dampen the noise of your
                  | surroundings. [potion of mutation]
 33552 | Orc:2    | Lost mutation: Your natural rate of healing is unusually
                  | fast. [potion of mutation]
 33552 | Orc:2    | Gained mutation: You sometimes lose the ability to read
                  | scrolls when taking damage. [potion of mutation]
 33552 | Orc:2    | Gained mutation: You are somewhat resistant to further
                  | mutation. [potion of mutation]
 33552 | Orc:2    | Gained mutation: You expend magic power (3 MP) to
                  | strengthen your wands. [potion of mutation]
 33553 | Orc:2    | Lost mutation: You are somewhat resistant to further
                  | mutation. [potion of mutation]
 33553 | Orc:2    | Lost mutation: You expend magic power (3 MP) to strengthen
                  | your wands. [potion of mutation]
 33553 | Orc:2    | Lost mutation: You are dopey. (Int -2) [potion of mutation]
 33553 | Orc:2    | Gained mutation: You are agile. (Dex +2) [potion of
                  | mutation]
 33553 | Orc:2    | Gained mutation: Your movements are slightly less
                  | encumbered by armour. (ER -2) [potion of mutation]
 33553 | Orc:2    | Gained mutation: You passively map a small area around you.
                  | [potion of mutation]
 33554 | Orc:2    | Lost mutation: You are agile. (Dex +2) [potion of mutation]
 33554 | Orc:2    | Lost mutation: You sometimes lose the ability to read
                  | scrolls when taking damage. [potion of mutation]
 33554 | Orc:2    | Gained mutation: Your flesh is cold resistant. (rC+)
                  | [potion of mutation]
 33554 | Orc:2    | Gained mutation: You passively dampen the noise of your
                  | surroundings. [potion of mutation]
 33981 | D:13     | Noticed Snorg
 33989 | D:13     | Killed Snorg
 34183 | D:13     | Found a frozen archway.
 34202 | IceCv    | Entered an ice cave
 34305 | IceCv    | Reached XP level 22. HP: 153/153 MP: 22/22
 34753 | D:13     | Found a gate to the Vaults.
 34767 | Vaults:1 | Entered Level 1 of the Vaults
 34890 | D:14     | Found a sacrificial altar of Ru.
 35006 | D:14     | Found a large runed translucent door.
 35006 | D:14     | Found a large runed translucent door.
 35008 | D:14     | Noticed Ytheofip's ghost (journeyman FoFi)
 35019 | D:14     | Killed Ytheofip's ghost
 35340 | D:15     | Entered Level 15 of the Dungeon
 35422 | D:15     | Found a staircase to the Depths.
 35472 | D:15     | Identified the +5 plate armour "Cobliyz" {rElec rPois rF+
                  | Int+3}
 36038 | Depths:1 | Entered Level 1 of the Depths
 36187 | Depths:1 | Found a gateway to Hell.
 36443 | Depths:1 | Noticed the Enchantress
 36768 | D:15     | Killed the Enchantress
 37827 | Vaults:1 | Found the +7 Kryia's mail coat {PotionHeal*2 rC+}
 38058 | Vaults:1 | Found Moeser's General Store.
 38068 | Vaults:1 | Bought a scroll of enchant weapon for 90 gold pieces
 38416 | Vaults:1 | Found a runed translucent door.
 38416 | Vaults:1 | Noticed foobar1000's ghost (veteran SpHu)
 38496 | Vaults:1 | Reached skill level 12 in Evocations
 38505 | Vaults:1 | Reached XP level 23. HP: 139/160 MP: 23/23
 38649 | Vaults:1 | Found the +9 heavy crossbow "Sniper" {vorpal, Acc+∞ SInv}
 38966 | Vaults:1 | Killed foobar1000's ghost
 39772 | Vaults:2 | Found a staircase to the Crypt.
 40095 | Vaults:2 | Identified the ring of the Nightingale {Fire Will+ Str+2
                  | SInv}
 41175 | Crypt:1  | Entered Level 1 of the Crypt
 41653 | Vaults:3 | Reached XP level 24. HP: 159/168 MP: 23/23
 41665 | Vaults:3 | Found Bashim's Armour Shoppe.
 41706 | Vaults:3 | Bought a +2 pair of boots for 280 gold pieces
 41824 | Vaults:3 | Identified the +2 scale mail "Jexoxiorch" {Str+5}
 41906 | Vaults:3 | Found Iludy Wia's Antique Weapon Shoppe.
 42207 | Vaults:3 | Identified the +0 pair of boots of Snakes and Ladders {Harm
                  | Will+ Dex+3 Slay+2}
 42213 | Vaults:3 | Identified the +9 short sword "Wal Wiad" {venom, *Slow
                  | rElec rN+}
 42947 | Vaults:4 | Reached skill level 13 in Evocations
 43502 | Vaults:4 | Found Oskutt's Armour Boutique.
 44146 | Vaults:4 | Reached skill level 1 in Dodging
 44317 | Vaults:5 | Entered Level 5 of the Vaults
 44325 | Vaults:5 | Reached skill level 1 in Spellcasting
 44327 | Vaults:5 | Noticed an ancient lich
 44345 | Vaults:5 | Killed an ancient lich
 44355 | Vaults:5 | Reached XP level 25. HP: 73/180 MP: 30/33
 44671 | Vaults:5 | Noticed a dread lich
 44811 | Vaults:4 | Killed a dread lich
 45163 | Vaults:5 | Found the +3 giant club "Skullcrusher" {speed, Str+7}
 45541 | Vaults:5 | Noticed an ancient lich
 45554 | Vaults:5 | Killed an ancient lich
 45793 | Vaults:5 | Identified the +1 robe "Ocsit" {Str-3 Dex+4}
 45795 | Vaults:5 | Found the +8 demon blade "Leech" {vamp, *Rage +Rage rN+}
 45796 | Vaults:5 | Identified the +6 dagger "Ynafoad" {venom, Will+ Int+2
                  | Dex+4}
 45811 | Vaults:5 | Noticed a dread lich
 45826 | Vaults:5 | Killed a dread lich
 45854 | Vaults:5 | Got a silver rune of Zot
 46220 | Vaults:5 | Reached skill level 5 in Spellcasting
 46302 | Vaults:5 | Reached skill level 14 in Evocations
 46749 | Vaults:5 | Reached XP level 26. HP: 103/190 MP: 37/37
 47712 | Slime:1  | Entered Level 1 of the Pits of Slime
 49296 | Slime:2  | Gained mutation: Armour fits poorly on your strangely
                  | shaped body. [a shining eye]
 49771 | Slime:3  | Noticed Dissolution
 49775 | Slime:3  | Gained mutation: Your spells are a little easier to cast,
                  | but a little less powerful. [a shining eye]
 49783 | Slime:3  | Paralysed by a floating eye for 3 turns
 49797 | Slime:2  | Paralysed by a floating eye for 2 turns
 49803 | Slime:2  | Paralysed by a floating eye for 4 turns
 49809 | Slime:2  | Killed Dissolution
 50329 | Slime:3  | Gained mutation: You are frail. (-10% HP) [a shining eye]
 50943 | Slime:4  | Found a viscous altar of Jiyva.
 51150 | Slime:4  | Gained mutation: You tend to lose your temper in combat. [a
                  | shining eye]
 51152 | Slime:4  | Gained mutation: Your magical capacity is low. (-10% MP) [a
                  | shining eye]
 51153 | Slime:4  | Gained mutation: Your body sometimes deteriorates upon
                  | taking damage. [a shining eye]
 51164 | Slime:4  | Gained mutation: You are dopey. (Int -2) [a shining eye]
 51585 | Slime:5  | Entered Level 5 of the Pits of Slime
 52088 | Slime:5  | Identified the ring of Osoezam {AC+4 SInv}
 52089 | Slime:5  | Found a viscous altar of Jiyva.
 52089 | Slime:5  | Noticed the Royal Jelly
 52093 | Slime:5  | Identified the +0 leather armour of an ice cave {Rampage
                  | Str+3 Slay+3 SInv Stlth-}
 52125 | Slime:5  | Killed the Royal Jelly
 52285 | Slime:5  | Identified the +8 rapier of Reinforcement {pain, Will-
                  | Dex+5}
 52288 | Slime:5  | Identified the +1 chain mail of Ypohae Etoi {Will- SInv
                  | Stlth+}
 52378 | Slime:5  | Got a slimy rune of Zot
 52677 | Orc:2    | Lost mutation: Your spells are a little easier to cast, but
                  | a little less powerful. [potion of mutation]
 52677 | Orc:2    | Lost mutation: Your flesh is cold resistant. (rC+) [potion
                  | of mutation]
 52677 | Orc:2    | Lost mutation: Your body sometimes deteriorates upon taking
                  | damage. [potion of mutation]
 52677 | Orc:2    | Lost mutation: Your magical capacity is low. (-10% MP)
                  | [potion of mutation]
 52678 | Orc:2    | Lost mutation: You tend to lose your temper in combat.
                  | [potion of mutation]
 52678 | Orc:2    | Lost mutation: You are frail. (-10% HP) [potion of
                  | mutation]
 52678 | Orc:2    | Lost mutation: You passively map a small area around you.
                  | [potion of mutation]
 52678 | Orc:2    | Lost mutation: Your movements are slightly less encumbered
                  | by armour. (ER -2) [potion of mutation]
 52678 | Orc:2    | Gained mutation: You are very dopey. (Int -4) [potion of
                  | mutation]
 52679 | Orc:2    | Lost mutation: You are very dopey. (Int -4) [potion of
                  | mutation]
 52679 | Orc:2    | Lost mutation: You are dopey. (Int -2) [potion of mutation]
 52679 | Orc:2    | Lost mutation: Armour fits poorly on your strangely shaped
                  | body. [potion of mutation]
 52679 | Orc:2    | Gained mutation: You are somewhat resistant to further
                  | mutation. [potion of mutation]
 52679 | Orc:2    | Gained mutation: You are frail. (-10% HP) [potion of
                  | mutation]
 52679 | Orc:2    | Gained mutation: You are agile. (Dex +2) [potion of
                  | mutation]
 53154 | Depths:1 | Found a blossoming altar of Fedhas.
 53240 | Depths:1 | Reached XP level 27. HP: 165/177 MP: 38/38
 53539 | Depths:2 | Noticed Aizul
 53576 | Depths:1 | Killed Aizul
 53781 | Hell     | Entered the Vestibule of Hell
 53781 | Hell     | Noticed Geryon
 53802 | Hell     | Noticed Murray
 54539 | Depths:2 | Reached skill level 15 in Evocations
 54742 | Depths:2 | Found an iron altar of Okawaru.
 55084 | Depths:3 | Noticed Mennas
 55084 | Depths:3 | Identified the +0 pair of gloves of Cheibriados's Favour
                  | {-Tele rN+ Regen+}
 55129 | Depths:2 | Killed Mennas
 55351 | Depths:3 | Found a one-way gate leading to the halls of Pandemonium.
 55413 | Depths:3 | Noticed an ancient lich
 55439 | Hell     | Killed Murray
 55457 | Hell     | Killed Geryon
 55626 | Hell     | Found a gateway to the decaying netherworld of Tartarus.
 55841 | Hell     | Found a gateway to the ashen valley of Gehenna.
 55964 | Hell     | Found a gateway to the Iron City of Dis.
 56008 | Hell     | Found a gateway to the freezing wastes of Cocytus.
 56337 | Geh:1    | Entered Level 1 of Gehenna
 59280 | Geh:3    | Reached skill level 10 in Spellcasting
 59602 | Geh:3    | Reached skill level 16 in Evocations
 60819 | Tar:1    | Entered Level 1 of Tartarus
 63294 | Tar:2    | Reached skill level 17 in Evocations
 63662 | Tar:2    | Reached skill level 1 in Earth Magic
 64477 | Tar:3    | Reached skill level 5 in Earth Magic
 65209 | Tar:4    | Reached skill level 18 in Evocations
 66908 | Tar:4    | Reached skill level 10 in Earth Magic
 68701 | Tar:6    | Reached skill level 19 in Evocations
 70071 | Tar:6    | Reached skill level 15 in Spellcasting
 70232 | Tar:7    | Entered Level 7 of Tartarus
 71470 | Tar:7    | Reached skill level 20 in Evocations
 73294 | Tar:7    | Identified the Handbook of Spatial Companions
 73737 | Tar:7    | Reached skill level 21 in Evocations
 73791 | Tar:7    | Identified the +12 glaive "Killer Bee's Peril" {freeze,
                  | *Rage rElec rPois Dex-5}
 74109 | Tar:7    | Noticed Ereshkigal
 74677 | Dis:1    | Entered Level 1 of the Iron City of Dis
 76815 | Depths:3 | Reached skill level 22 in Evocations
 76858 | Depths:3 | Reached skill level 15 in Earth Magic
 77293 | Depths:3 | Reached skill level 15 in Summonings
 77450 | Depths:3 | Identified the Disquisition on Warped Summoning
 77454 | Depths:3 | Identified the +0 falchion "Maetas" {speed, rN+ Int+2}
 77478 | Depths:3 | Killed an ancient lich
 77646 | Depths:3 | Identified Sif Muna's Disquisition on the Compass and
                  | Flight
 79024 | Crypt:1  | Reached skill level 23 in Evocations
 79053 | Crypt:1  | Found an ancient bone altar of Kikubaaqudgha.
 79413 | Crypt:1  | Acquired a book of Power
 80534 | Crypt:3  | Entered Level 3 of the Crypt
 80534 | Crypt:3  | Noticed Bai Suzhen
 80546 | Crypt:3  | Killed Bai Suzhen
 80776 | Crypt:3  | Identified the +7 short sword "Death Rattle" {vorpal, MP-9
                  | Dex+6}
 81008 | Crypt:3  | Identified the +9 halberd "Newtslayer" {protect, rC+}
 81026 | Crypt:3  | Found a staircase to the Tomb.
 81266 | Crypt:3  | Identified the Compendium of the Destructive Traveller
 81407 | Crypt:3  | Identified the +0 buckler of the Beekeeper {+Inv rF+ Dex+5}
 81543 | Crypt:3  | Noticed an ancient lich
 81563 | Crypt:3  | Found an ancient bone altar of Kikubaaqudgha.
 81570 | Crypt:3  | Reached skill level 24 in Evocations
 81610 | Crypt:3  | Killed an ancient lich
 82116 | Tomb:1   | Entered Level 1 of the Tomb of the Ancients
 82492 | Tomb:1   | Noticed a royal mummy
 82498 | Tomb:1   | Noticed a royal mummy
 82507 | Tomb:1   | Noticed a royal mummy
 82948 | Tomb:1   | Noticed a royal mummy
 82982 | Tomb:1   | Killed a royal mummy
 83046 | Tomb:1   | Killed a royal mummy
 83339 | Tomb:1   | Killed a royal mummy
 83821 | Tomb:1   | Noticed a royal mummy
 84107 | Tomb:1   | Noticed a royal mummy
 84278 | Tomb:2   | Noticed a royal mummy
 84280 | Tomb:2   | Noticed a royal mummy
 84285 | Tomb:2   | Noticed a royal mummy
 84298 | Tomb:2   | Noticed a royal mummy
 84999 | Tomb:2   | Noticed a royal mummy
 85006 | Tomb:2   | Killed a royal mummy
 85027 | Tomb:2   | Killed a royal mummy
 85038 | Tomb:2   | Killed a royal mummy
 85044 | Tomb:2   | Killed a royal mummy
 85079 | Tomb:2   | Killed a royal mummy
 85603 | Tomb:2   | Reached skill level 25 in Evocations
 86160 | Tomb:1   | Noticed a royal mummy
 86160 | Tomb:1   | Noticed a royal mummy
 86162 | Tomb:1   | Noticed a royal mummy
 86163 | Tomb:1   | Noticed a royal mummy
 86166 | Tomb:1   | Killed a royal mummy
 86173 | Tomb:1   | Killed a royal mummy
 86189 | Tomb:1   | Killed a royal mummy
 86199 | Tomb:1   | HP: 8/179 [emperor scorpion[a royal mummy] (8)]
 86210 | Tomb:1   | Killed a royal mummy
 86650 | Tomb:1   | Killed a royal mummy
 86767 | Tomb:1   | Killed a royal mummy
 86782 | Tomb:1   | Noticed a royal mummy
 86794 | Tomb:1   | Noticed a royal mummy
 86796 | Tomb:1   | Killed a royal mummy
 86803 | Tomb:1   | Killed a royal mummy
 86809 | Tomb:1   | Noticed a royal mummy
 86817 | Tomb:1   | Noticed a royal mummy
 86822 | Tomb:1   | Killed a royal mummy
 86822 | Tomb:1   | HP: 8/179 [something (25)]
 86885 | Tomb:1   | Killed a royal mummy
 87334 | Tomb:1   | Noticed a royal mummy
 87344 | Tomb:1   | Killed a royal mummy
 87440 | Tomb:1   | Killed a royal mummy
 87843 | Tomb:1   | Noticed a royal mummy
 87845 | Tomb:1   | Noticed a royal mummy
 88037 | Tomb:1   | Killed a royal mummy
 88334 | Tomb:1   | Noticed a royal mummy
 88339 | Tomb:1   | Killed a royal mummy
 88341 | Tomb:1   | Noticed a royal mummy
 88344 | Tomb:1   | Killed a royal mummy
 88353 | Tomb:1   | Killed a royal mummy
 88953 | Tomb:3   | Entered Level 3 of the Tomb of the Ancients
 88954 | Tomb:3   | Noticed Mara
 88961 | Tomb:3   | Noticed Linguinho's illusion
 88965 | Tomb:3   | Killed Mara
 88968 | Tomb:3   | Noticed a royal mummy
 88969 | Tomb:3   | Noticed a royal mummy
 88974 | Tomb:3   | Identified Vegreisy's Compendium of Damage Dealing
 88974 | Tomb:3   | Identified Ryno's Almanac of Cankerous Conjuration
 88974 | Tomb:3   | Identified the +2 robe of Living Curiosity {Drain Fly
                  | Int+4}
 88974 | Tomb:3   | Identified Koun Eghych's Compendium of Darkness
 88974 | Tomb:3   | Identified the ring "Qianohyomn" {rF+ rN+ Will+ Str+2
                  | Dex+2}
 88974 | Tomb:3   | Identified the +6 hand axe of Parts Unknown {antimagic,
                  | +Rage rC- Str+3}
 88999 | Tomb:3   | Reached skill level 26 in Evocations
 89006 | Tomb:3   | Killed a royal mummy
 89030 | Tomb:3   | Noticed a royal mummy
 89731 | Tomb:3   | Noticed a royal mummy
 89743 | Tomb:3   | Killed a royal mummy
 89769 | Tomb:3   | Killed a royal mummy
 89781 | Tomb:3   | Killed by a mummy priest's death curse

Illustrated notes

Levels and vault maps discovered:
D:1:      dpeg_arrival_oval, layout_loops_corners, serial_shops,
          nicolae_shop_stone, minmay_statues_item
D:2:      layout_rooms, shapermc_ecumenical_altar_flowoftime, st_stairs_1,
          hangedman_decor_slide_cut, kennysheep_nondescript,
          uniq_crazy_yiuf_cottage
D:3:      layout_basic, serial_shops, nicolae_shop_trees, minmay_joined_circles
D:4:      layout_basic, mainiacjoe_overflow_catwalk_spiral
D:5:      layout_loops_ring, lemuel_doored_altar, minmay_misc_feat_diagonals,
          uniq_duvessa
D:6:      layout_basic, overflow_temple_1_default, evilmike_ruin_ashenzari,
          minmay_temple_entry_fiery, serial_park_tiny_1, serial_bayou_pond_c,
          uniq_sigmund
D:7:      layout_loops_corners
D:8:      layout_rooms, mainiacjoe_overflow_concentric_impassable,
          vehumet_altar_wand_db, minivault_12, uniq_erica
D:9:      layout_cave_pools, grunt_qazlal_sundering, marbit_many_paths,
          nicolae_overflow_hidden_temple, erik_lair_island
D:10:     layout_big_octagon, nicolae_uskayaw_en_pointe, elyvilon_altar_1,
          serial_glass, glass_columns_c, glass_columns_b,
          minmay_misc_feat_alley, uniq_urug, uniq_sonja
D:11:     layout_stronghold, hiddenorc1_lemuel, worms_lemuel
D:12:     layout_grid_maze, enter_bailey_5, minmay_misc_feat_ornament,
          nemelex_diamond_rough_becter, uniq_gastronok
D:13:     layout_roguey, david_vaults_1, portal_ice_cave_entry_ice_simulacra,
          uniq_snorg
D:14:     layout_loops_cross, ebering_ghost_disaster_area, lemuel_round_altar
D:15:     hangedman_depths_entry_try_elsewhere_first, layout_cave_pools,
          hangedman_abyss_or_decor_slice, special_room
          [special_room_mythical_zoo], minmay_misc_feat_five, minivault_16
Lair:1:   layout_chaotic_city, lemuel_centaur_altar
Lair:2:   layout_regular_city, uniq_harold, uniq_maggie
Lair:3:   cheibrodos_magma_flow, layout_chaotic_city,
          nicolae_swamp_entry_splash_gauntlet, kennysheep_rathole
Lair:4:   layout_roguey, ice2_lemuel, grunt_megastairs_5, serial_bayou_shore_b
Lair:5:   regret_index_combs_of_tragedy, layout_cellular_growth,
          roderic_carrion_pond, lemuel_fruit_tree
Lair:6:   minmay_lair_end_enchanted_forest, layout_hall_layers, slime_dummy,
          gauntlet_entry_generic, serial_bayou_shore_a
Swamp:1:  layout_falls_marsh, evilmike_swamp_ruin_rubble_2, swamp_pool4,
          nicolae_swamp_well_well_well
Swamp:2:  layout_falls_marsh, evilmike_swamp_ruin_house_1, swamp_pool1,
          nicolae_swamp_frolicking_bunyips, infiniplex_staircase_pool_2
Swamp:3:  layout_basic_swamp, evilmike_swamp_ruin_rubble_1, swamp_pool4,
          infiniplex_staircase_pool
Swamp:4:  swamp_old_school, layout_basic_swamp, swamp_pool3,
          nicolae_swamp_stuck_in_the_mud
Snake:1:  layout_rooms
Snake:2:  layout_gridlike, nicolae_shop_firing_range, grunt_megastairs_4
Snake:3:  layout_gridlike, serial_bayou_pond_a, nicolae_coiled_stairwell_down
Snake:4:  grunt_snake_rune_pools, layout_cave_town, statue_in_the_mist_lemuel
Slime:1:  layout_caves, cheibrodos_slime_lost_civilization_5
Slime:2:  layout_caves
Slime:3:  layout_caves, uniq_dissolution
Slime:4:  layout_caves, basic_altar
Slime:5
Orc:1:    layout_caves, enter_volcano_3
Orc:2:    grunt_orc_tribal_feast, layout_caves, mines2_lemuel
Elf:1:    minmay_elf_arrival_circle, layout_gridlike,
          gammafunk_ghost_abyssal_escape, kennysheep_underground_church,
          orc_legates
Elf:2:    nicolae_elf_blades_splatter_lattice
          [nicolae_blade_entry_hurt_lockers], layout_loops_ring,
          nicolae_elf_w_pinch, chequers_hall_statues_y
Elf:3:    minmay_elf_hall_dome, layout_geoelf_castle, serial_shops,
          nicolae_shop_trees
Vaults:1: ebering_vaults_ghost_inner_flame, v_misc_19,
          nicolae_vaults_network_quincunx
          [nicolae_vaults_network_quincunx_subvault,
          nicolae_vaults_network_quincunx_subvault,
          nicolae_vaults_network_quincunx_subvault,
          nicolae_vaults_network_quincunx_subvault,
          nicolae_vaults_network_quincunx_subvault], v_pattern_2,
          minmay_guarded_unrand_secular_launcher,
          vaults_room_grunt_arrival_ludios, ontoclasm_vaults_pinch,
          grunt_vaults_focal, v_rooms_3, ontoclasm_vaults_twist,
          layout_vaults_omnicross, serial_shops, shop
Vaults:2: nicolae_vaults_branching_niches, serial_ice_h,
          ontoclasm_vaults_decontamination, nicolae_vaults_puzzle_piece,
          v_misc_22, vaults_mumra_hexcomb, nicolae_vaults_hallways_thing,
          nicolae_vaults_alarming, v_misc_13, blue_anna_dwarven_crypt,
          hangedman_vaults_stagger, v_misc_17, nicolae_vaults_what_the_h,
          vaults_mumra_minichess, ontoclasm_vaults_gateway,
          layout_vaults_omnibox
Vaults:3: nicolae_vaults_network_s, nicolae_vaults_bisected_inception,
          nicolae_vaults_network_square,
          vaults_standard_mumra_enter_the_diamond, v_alt_pattern_6,
          vaults_room_semicircle, hangedman_vaults_pinch, hangedman_vaults_hat,
          layout_vaults_ring, serial_shops, nicolae_lakefront_shop,
          nicolae_shop_crystal
Vaults:4: vaults_mumra_bighexcomb, nicolae_vaults_sealed_display,
          grunt_vaults_funnel, grunt_vaults_twisty,
          nicolae_vaults_little_squares_6, v_misc_12, layout_vaults_omnigrid,
          serial_shops, shop
Vaults:5
Crypt:1:  cheibrodos_crypt_eye_of_stone, layout_catacombs
Crypt:2:  layout_rooms, lemuel_upstairs_altar, grunt_megastairs_1
Crypt:3:  quadcrypt_mu, uniq_bai_suzhen
Tomb:1
Tomb:2
Tomb:3:   uniq_mara
Depths:1: layout_cave_pools, grunt_decor_clamped, hell_entry,
          corexii_corridor_pit, fedhas_altar_1, uniq_enchantress
Depths:2: hangedman_elemental_death_ray, layout_cave_pools,
          hangedman_coc_ice_floe, hangedman_decor_clover_reticule,
          abyss_entry_crystal, minmay_hedge_maze, kennysheep_okawaru_gauntlet,
          firewood_loft, minmay_staircase_windowed_small, uniq_aizul
Depths:3: hangedman_pleasuredromes, hell_entry, pan_entry, uniq_mennas
Hell
Dis:1:    layout_overlapping_boxes
Dis:2:    layout_regular_city
Geh:1:    layout_gehenna_pools_triple, lemuel_flamethrower_3
Geh:2:    layout_gehenna_lava_caves, nicolae_geh_single_fiery_grave
Geh:3:    layout_gehenna_pools_box, grunt_megastairs_3
Tar:1:    layout_honeycomb
Tar:2:    layout_grid_maze, grunt_megastairs_2
Tar:3:    layout_catacombs, nicolae_tar_cuneiform_sun,
          nicolae_tar_cuneiform_to_be
Tar:4:    layout_catacombs, nicolae_tar_cuneiform_bread,
          hangedman_tartarus_temple_path
Tar:5:    layout_cathedral_of_symmetry
Tar:6:    layout_grid_maze
Tar:7:    tar_mu [tar_mu_maze]

Skill      XL: |  1  2  3  4  5  6  7  8  9 10 11 12 13 14 15 16 17 18 19 20 21 22 23 24 25 26 27 |
---------------+----------------------------------------------------------------------------------+-----
Shields        | 4 5 6 7 9 11 12 14 15 16 17 19 21 23 | 23.1
Maces & Flails | 3 4 5 6 7 8 9 10 11 | 11.1
Armour         | 4 5 6 7 8 9 10 11 12 13 14 15 16 17 18 19 23 | 23.5
Fighting       | 4 6 9 10 11 12 14 15 16 17 18 19 20 22 23 25 | 25.5
Long Blades    | 3 |  3.1
Summonings     | 2 4 6 7 9 10 11 12 16 | 16.6
Polearms       | 3 6 9 11 | 11.6
Evocations     | 3 5 7 8 9 10 11 12 13 14 26 | 26.1
Dodging        | 2 3 4 |  4.2
Spellcasting   | 2 5 7 17 | 17.9
Earth Magic    | 17 | 17.6
Throwing       | |  0.1
Stealth        | |  0.7

Action                   |  1- 3 |  4- 6 |  7- 9 | 10-12 | 13-15 | 16-18 | 19-21 | 22-24 | 25-27 || total
-------------------------+-------+-------+-------+-------+-------+-------+-------+-------+-------++-------
Melee: Flail             |   164 |    45 |       |       |       |       |       |       |       ||   209
       Quarterstaff      |       |    54 |   351 |       |       |       |       |       |       ||   405
       Scimitar          |       |       |       |   299 |       |       |       |       |       ||   299
       Demon trident     |       |       |       |   490 |  1208 |  1304 |  1048 |  1756 |  5850 || 11656
       Sacred scourge    |       |       |       |       |       |       |       |       |  1032 ||  1032
Throw: Throwing net      |       |       |     1 |     2 |       |       |       |       |       ||     3
Invok: Curse Item        |       |       |     3 |     5 |     1 |       |     3 |     3 |     2 ||    17
       Shatter the Chain |       |       |       |       |     1 |       |     3 |     3 |     2 ||     9
 Abil: Evoke Blink       |       |       |       |       |       |       |       |       |     6 ||     6
Evoke: Phial of floods   |       |       |       |       |     1 |     2 |     2 |       |     4 ||     9
       Lightning rod     |       |       |       |       |       |    11 |     8 |       |     9 ||    28
       Tin of tremorston |       |       |       |       |       |     7 |     5 |     8 |    41 ||    61
       Piece from Xom's  |       |       |       |       |       |     2 |       |       |     1 ||     3
       Condenser vane    |       |       |       |       |       |     2 |     4 |     9 |    20 ||    35
       Wand              |       |       |       |       |       |     1 |     2 |     2 |    13 ||    18
       Phantom mirror    |       |       |       |       |       |     1 |     1 |       |     9 ||    11
       Box of beasts     |       |       |       |       |       |       |       |       |     8 ||     8
       Horn of Geryon    |       |       |       |       |       |       |       |       |    10 ||    10
  Use: Scroll            |       |       |     4 |     3 |     1 |       |     8 |     6 |    23 ||    45
       Potion            |       |       |     3 |     2 |       |     2 |     8 |       |    32 ||    47
 Stab: Held in net/web   |       |       |     1 |       |       |       |       |       |       ||     1
       Paralysed         |       |       |     2 |       |       |       |       |       |     1 ||     3
       Fleeing           |       |       |       |     1 |       |       |       |       |       ||     1
       Distracted        |       |       |       |       |       |     1 |       |       |     5 ||     6
Armor: Scale mail        |    90 |       |       |       |       |       |       |       |       ||    90
       Chain mail        |       |    52 |       |       |       |       |       |       |       ||    52
       Steam dragon scal |       |       |   221 |    83 |       |       |       |       |       ||   304
       Plate armour      |       |       |       |   370 |   443 |   672 |   274 |   490 |  2203 ||  4452
Dodge: Dodged            |    80 |    45 |   282 |   231 |   227 |   294 |   115 |   181 |  1054 ||  2509
Block: Kite shield       |   100 |    16 |       |   799 |   854 |  1009 |   344 |  1191 |  5245 ||  9558
       Other             |       |       |    22 |       |       |       |       |       |       ||    22
       Tower shield      |       |       |       |       |       |       |   368 |       |       ||   368
       Reflection        |       |       |       |       |       |       |    43 |   112 |    40 ||   195
       Rpst.: Scimitar   |       |       |       |    43 |       |       |       |       |       ||    43
